[Event "Landsturneringen 2023"]
[Site "Vallhall, Oslo"]
[Date "2023.07.03"]
[Round "3"]
[White "Hansen, Thobias Gotaas"]
[Black "Langvik, Ulrikke"]
[Result "1-0"]
[WhiteElo "1689"]
[BlackElo "1698"]
[TimeControl "40/5400+30:1800+30"]
[BlackFideId "1517910"]
[WhiteFideId "1548530"]

1. e4 e6 2. d4 d5 3. Nc3 Bb4 4. Qd3 dxe4 5. Qxe4 Nf6 6. Qh4 Nd5 7. Bg5 f6
8. Bd2 Nc6 9. Nf3 Qe7 10. Bd3 Bd7 11. Bg6+ Kd8 12. Bd3 Kc8 13. O-O g5 14.
Qe4 Bxc3 15. bxc3 f5 16. Qe2 Rg8 17. Rab1 Qg7 18. Rfe1 Nf4 19. Bxf4 gxf4
20. Qf1 h5 21. Rxb7 Nd8 22. Rb3 Bc6 23. Ba6+ Nb7 24. c4 Rb8 25. Rxe6 Bxf3
26. Rxf3 Kd7 27. Bxb7 Rxb7 28. Re1 Qg4 29. Kh1 Rb4 30. h3 Qg5 31. g3 h4 32.
Rxf4 hxg3 33. fxg3 Qxg3 34. Rg4 fxg4 35. Qf7+ Kc6 36. Qd5+ Kb6 37. Re6+ Qd6
38. Rxd6+ cxd6 39. Qxd6+ Ka5 40. Qc5+ Ka4 41. Qxa7# 1-0

[Event "Landsturneringen 2023"]
[Site "Vallhall, Oslo"]
[Date "2023.07.03"]
[Round "4"]
[White "Kreken, Eivind Grunt"]
[Black "Hestholm, Gustav"]
[Result "1-0"]
[WhiteElo "2101"]
[BlackElo "1944"]
[TimeControl "40/5400+30:1800+30"]
[BlackFideId "1529153"]
[WhiteFideId "1532359"]

1. d4 Nf6 2. c4 e6 3. Nf3 d5 4. Nc3 Bb4 5. Bg5 h6 6. Bxf6 Qxf6 7. e3 O-O 8.
Qb3 c5 9. cxd5 exd5 10. dxc5 Bxc3+ 11. Qxc3 Qxc3+ 12. bxc3 Be6 13. Bb5 Rc8
14. Kd2 Rxc5 15. Rhb1 Rc7 16. Nd4 Nd7 17. Bxd7 Bxd7 18. a4 a5 19. Rb6 Ra6
20. Rxa6 bxa6 21. Nb3 Rc4 22. Nxa5 Rh4 23. h3 Kf8 24. c4 dxc4 25. Kc3 Be6
26. Rb1 Ke7 27. Rb6 Bd7 28. Nc6+ Kd6 29. Nb8+ Kc7 30. Nxd7 Kxd7 31. Rxa6 g5
32. Ra7+ Ke6 33. Rc7 g4 34. Rxc4 f5 35. a5 gxh3 36. gxh3 Rxh3 37. a6 Rh1
38. Ra4 Rc1+ 39. Kb4 Rc8 40. a7 Ra8 41. Kb5 Kf6 42. Kb6 Kg5 43. Kb7 Rxa7+
44. Kxa7 h5 45. Kb6 h4 46. Kc5 h3 47. Kd5 f4 48. exf4+ Kg4 49. Ke5 h2 50.
Ra1 h1=R 51. Rxh1 Kf3 52. f5 Ke2 53. f6 Kf3 54. f7 Kg2 55. f8=Q Kxh1 56.
Qg7 Kh2 57. f4 Kh3 58. f5 Kh4 59. f6 Kh3 60. f7 Kh4 61. f8=R Kh3 1-0

[Event "Landsturneringen 2023"]
[Site "Vallhall, Oslo"]
[Date "2023.07.03"]
[Round "4"]
[White "Wernberg, Nikolai Olsen"]
[Black "Ytrestøyl, Sindre Lyngsaunet"]
[Result "1-0"]
[WhiteElo "1685"]
[BlackElo "2061"]
[TimeControl "40/5400+30:1800+30"]
[BlackFideId "1547356"]
[WhiteFideId "1542770"]

1. Nf3 Nf6 2. c4 e6 3. g3 b6 4. Bg2 Bb7 5. O-O c5 6. Nc3 d5 7. d4 dxc4 8.
Qa4+ Nbd7 9. dxc5 Bxc5 10. Qxc4 Rc8 11. Qa4 Bc6 12. Qb3 O-O 13. Bf4 Nd5 14.
Bg5 f6 15. Bd2 Re8 16. Rfd1 Qc7 17. Nb5 Bxb5 18. Qxb5 Ne5 19. e4 Ne7 20.
Bf4 Nxf3+ 21. Bxf3 e5 22. Rd7 Qc6 23. Qxc6 Nxc6 24. Be3 Bxe3 25. fxe3 Re7
26. Rad1 Kf7 27. Bg4 Rc7 28. Rxc7 Rxc7 29. Rd7+ Rxd7 30. Bxd7 Nb4 31. Bb5
Ke6 32. a3 Nc2 33. Kf2 Kd6 34. Bc4 Kc5 35. Bg8 b5 36. Ke2 b4 37. Kd2 Na1
38. Kc1 b3 39. Bxh7 Nc2 40. Kd2 Kb5 41. Bf5 Ka4 42. Bd7+ Ka5 43. h4 Kb6 44.
Be6 Na1 45. Bg4 Kb5 46. Be2+ Kc5 47. Bd3 a5 48. Kc1 f5 49. exf5 Kd5 50. g4
e4 51. Bb1 Ke5 52. Kd2 a4 53. Kc3 Kd5 54. f6 gxf6 55. h5 Ke6 56. Bxe4 Kf7
57. Kd2 Kg7 58. Kc1 Kh8 59. Kb1 1-0

[Event "Landsturneringen 2023"]
[Site "Vallhall, Oslo"]
[Date "2023.07.03"]
[Round "4"]
[White "Hansen, Thobias Gotaas"]
[Black "Skaar, Ben Samuel Groth"]
[Result "0-1"]
[WhiteElo "1689"]
[BlackElo "2161"]
[TimeControl "40/5400+30:1800+30"]
[BlackFideId "1552660"]
[WhiteFideId "1548530"]

1. e4 c5 2. Nf3 Nc6 3. c3 Nf6 4. e5 Nd5 5. b4 cxb4 6. c4 Nc7 7. d4 d5 8.
exd6 Qxd6 9. Be3 g6 10. Nbd2 Bf5 11. Be2 Bg7 12. Rc1 Nxd4 13. Bxd4 Bxd4 14.
Nxd4 Qxd4 15. Qa4+ Qd7 16. Qxb4 Na6 17. Qc3 O-O 18. O-O Nc5 19. Rfd1 Qc7
20. Nf3 Rfd8 21. Qe3 Bg4 22. Rd5 b6 23. h3 Bxf3 24. Bxf3 Rac8 25. Re5 e6
26. Rh5 gxh5 27. Qg5+ Kf8 28. Qh6+ Ke8 29. Qg7 Qf4 30. Re1 Kd7 31. Qb2 Kc7
0-1

[Event "Landsturneringen 2023"]
[Site "Vallhall, Oslo"]
[Date "2023.07.03"]
[Round "4"]
[White "Morad, Hassen M"]
[Black "Stolp, Aleksander"]
[Result "1-0"]
[WhiteElo "1862"]
[BlackElo "1846"]
[TimeControl "40/5400+30:1800+30"]
[BlackFideId "1541501"]
[WhiteFideId "1555642"]

1. e4 c5 2. Nf3 Nc6 3. d3 g6 4. g3 Bg7 5. Bg2 Nf6 6. O-O d5 7. Nbd2 O-O 8.
exd5 Nxd5 9. Nb3 b6 10. d4 cxd4 11. Nfxd4 Nxd4 12. Nxd4 Bxd4 13. Qxd4 Be6
14. Bh6 Nf6 15. Qxd8 Raxd8 16. Bxf8 Kxf8 17. Rfd1 Rc8 18. Rd2 Ne8 19. b3 b5
20. a4 b4 21. a5 Bf5 22. Ra4 Bxc2 23. Rxb4 Bf5 24. h4 Nd6 25. a6 h5 26. Rb7
Nxb7 27. axb7 Rb8 28. Ra2 Ke8 29. Rxa7 Kd7 30. Ra5 Be6 31. b4 Bc4 32. b5
Kc7 33. Bc6 Rxb7 34. Bxb7 Kxb7 35. f4 Kb6 36. Ra8 Bxb5 37. Rf8 Bc4 38. Re8
Kc7 39. Rxe7+ Kd6 40. Re8 Be6 41. Kf2 Kd7 42. Ra8 Ke7 43. Ke3 Kf6 44. Ra5
Bh3 45. Kf3 Bg4+ 46. Ke4 Bc8 47. Rb5 Bh3 48. Rb6+ Kg7 49. Ke5 Bg4 50. Rb7
Bh3 51. Re7 Bg4 52. Ra7 Bh3 53. Ra6 Bg4 54. Rf6 Bh3 55. Rd6 Bg4 56. Kd5
Bf3+ 57. Kc5 Bg4 58. Kc6 Kf8 59. Rd3 Bf5 60. Re3 Bg4 61. Kd6 Bh3 62. Ra3
Be6 63. Ra8+ Kg7 64. Ke7 Bd5 65. Ra5 Be6 66. Ra6 Bc4 67. Rf6 Bb3 68. f5
gxf5 69. Rxf5 Kg6 70. Rg5+ Kh6 71. Kf6 Be6 72. Rg8 Kh7 73. Rg7+ Kh6 74.
Rxf7 Bf5 75. Rf8 Bh7 76. Rb8 Bg6 77. Rh8+ Bh7 78. Rxh7+ Kxh7 79. Kg5 1-0

[Event "Landsturneringen 2023"]
[Site "Vallhall, Oslo"]
[Date "2023.07.03"]
[Round "4"]
[White "Amundsen, Ask"]
[Black "Sandstad, Linus"]
[Result "1/2-1/2"]
[WhiteElo "1918"]
[BlackElo "1919"]
[TimeControl "40/5400+30:1800+30"]
[BlackFideId "1552376"]
[WhiteFideId "1528726"]

1. e4 c5 2. Nf3 d6 3. d4 cxd4 4. Nxd4 Nf6 5. Nc3 Nc6 6. Bc4 Qb6 7. Nb3 e6
8. Be3 Qc7 9. f4 a6 10. Bd3 Be7 11. a3 b5 12. O-O h5 13. Be2 Bb7 14. Bf3
Ng4 15. Bxg4 hxg4 16. Qxg4 Bf6 17. e5 dxe5 18. Rad1 Ne7 19. Rfe1 Rh6 20.
fxe5 Rg6 21. Qh3 Rxg2+ 22. Kf1 Qc4+ 23. Re2 Nd5 24. Na5 Nxe3+ 25. Qxe3 Rxe2
26. Qxe2 Qxe2+ 27. Kxe2 Bxe5 28. Nxb7 Rb8 29. Nd6+ Ke7 30. Nde4 f5 31. Nc5
Rc8 32. Nxa6 Bxc3 33. bxc3 Rxc3 34. Rd3 Rxc2+ 35. Rd2 Rc3 36. Rd3 Rc2+ 37.
Rd2 Rc3 38. Rd3 Rc2+ 1/2-1/2

[Event "Landsturneringen 2023"]
[Site "Vallhall, Oslo"]
[Date "2023.07.03"]
[Round "4"]
[White "Engedal, Jo Frønsdal"]
[Black "Langvik, Ulrikke"]
[Result "1/2-1/2"]
[WhiteElo "1717"]
[BlackElo "1698"]
[TimeControl "40/5400+30:1800+30"]
[BlackFideId "1517910"]
[WhiteFideId "1532332"]

1. d4 d5 2. c4 e6 3. Nf3 c6 4. g3 Nf6 5. Nc3 Bb4 6. Qc2 dxc4 7. Bg2 Nbd7 8.
O-O O-O 9. e4 c5 10. Ne2 b5 11. Ng5 g6 12. Rd1 Qe7 13. Nh3 Bb7 14. Bg5 cxd4
15. Rxd4 Qc5 16. Rad1 Qc7 17. e5 Nd5 18. Nef4 Bc5 19. R4d2 Nxf4 20. Rxd7
Nxh3+ 21. Bxh3 Qc6 22. Rxb7 Qxb7 23. Bg2 Qc7 24. Bxa8 Rxa8 25. Qe4 Rc8 26.
h4 Be7 27. Bxe7 Qxe7 28. Rd6 c3 29. bxc3 Rxc3 30. Qa8+ Kg7 31. Rd8 Qc5 32.
Rg8+ Kh6 33. g4 Rc1+ 34. Kg2 Qc6+ 35. Qxc6 Rxc6 36. g5+ Kh5 37. Kg3 Rc4 38.
Rh8 Rg4+ 39. Kf3 Rxh4 40. Rxh7+ Kxg5 41. Rxf7 Ra4 42. Kg3 Ra3+ 43. f3 b4
44. Rf6 Rxa2 45. f4+ Kh5 46. Rxe6 b3 47. Re8 Kh6 48. Rb8 Rb2 49. e6 Re2 50.
Rxb3 Rxe6 51. Ra3 a6 52. Ra5 1/2-1/2

[Event "Landsturneringen 2023"]
[Site "Vallhall, Oslo"]
[Date "2023.07.03"]
[Round "4"]
[White "Morad, Haider M"]
[Black "Engvik, Kim Andre"]
[Result "1/2-1/2"]
[WhiteElo "1859"]
[BlackElo "1560"]
[TimeControl "40/5400+30:1800+30"]
[BlackFideId "1566938"]
[WhiteFideId "1555634"]

1. e4 c5 2. c3 Nf6 3. e5 Nd5 4. d4 e6 5. Nf3 Nc6 6. a3 cxd4 7. cxd4 d6 8.
exd6 Bxd6 9. Nc3 O-O 10. Bd3 Re8 11. O-O Nxc3 12. bxc3 e5 13. d5 e4 14. Ng5
Bf5 15. Bb5 Ne5 16. Bxe8 Qxe8 17. Bf4 h6 18. Bxe5 Qxe5 19. f4 Qxc3 20. Nh3
Bxh3 21. gxh3 Qxh3 22. Ra2 Bxa3 23. Qd4 Rc8 24. Qd1 Bc5+ 25. Kh1 Qf5 26.
Qb3 e3 27. Qxb7 Qe4+ 28. Rg2 Re8 29. Qb5 e2 30. Re1 Bf2 31. Qxe8+ Qxe8 32.
Rxf2 Qe4+ 33. Kg1 Qxd5 34. Rexe2 a5 35. Rd2 Qf5 36. Ra2 h5 37. Ra3 Qc5 38.
Ra2 h4 39. h3 Qf5 40. Ra3 Qc5 41. Rf3 a4 42. Kg2 Qd5 43. Kh2 Qd6 44. Kg2
Qd5 45. Kh2 Qd6 1/2-1/2

[Event "Landsturneringen 2023"]
[Site "Vallhall, Oslo"]
[Date "2023.07.03"]
[Round "4"]
[White "Jahr, Even"]
[Black "Sveggen, Amadeus S."]
[Result "1-0"]
[WhiteElo "1526"]
[BlackElo "1517"]
[TimeControl "40/5400+30:1800+30"]
[BlackFideId "1567853"]
[WhiteFideId "1574540"]

1. e4 e5 2. Nf3 Nf6 3. Nc3 Nc6 4. Bb5 Bc5 5. d3 Ng4 6. O-O a6 7. Ba4 b5 8.
Bb3 h5 9. Nd5 Na5 10. Bd2 Nxb3 11. axb3 c6 12. Ba5 cxd5 13. Bxd8 Kxd8 14.
h3 1-0

[Event "Landsturneringen 2023"]
[Site "Vallhall, Oslo"]
[Date "2023.07.04"]
[Round "5"]
[White "Wernberg, Nikolai Olsen"]
[Black "Kreken, Eivind Grunt"]
[Result "0-1"]
[WhiteElo "1685"]
[BlackElo "2101"]
[TimeControl "40/5400+30:1800+30"]
[BlackFideId "1532359"]
[WhiteFideId "1542770"]

1. Nf3 Nf6 2. c4 b6 3. d4 e6 4. g3 Bb4+ 5. Bd2 Bxd2+ 6. Qxd2 Ba6 7. Qc2 c6
8. Bg2 d5 9. Nbd2 Nbd7 10. O-O O-O 11. Rfd1 Qe7 12. Rac1 c5 13. e4 dxe4 14.
Nxe4 Bb7 15. Nc3 cxd4 16. Nxd4 Bxg2 17. Kxg2 Rac8 18. Qe2 Qc5 19. b3 a6 20.
h3 h5 21. Qe3 Rfd8 22. Nc2 Qc6+ 23. Qf3 Qc7 24. Qf4 Qxf4 25. gxf4 b5 26.
Ne3 bxc4 27. Nxc4 Nc5 28. Kf3 Nd3 29. Rc2 Nb4 30. Rcd2 Rxd2 31. Rxd2 Nbd5
32. Ne4 Nxe4 33. Kxe4 g6 34. Rd3 Kf8 35. Rd2 Ke7 36. Rd3 Ra8 37. Ne5 Rc8
38. Nc4 Rc5 39. Rd2 Rb5 40. Ne5 Rb4+ 41. Nc4 a5 42. Kf3 a4 43. Rd3 axb3 44.
axb3 Kf6 45. Kg3 Kg7 46. Kf3 Kh6 47. Kg3 h4+ 48. Kg4 f5+ 49. Kxh4 Nxf4 50.
Re3 Ng2+ 0-1

[Event "Landsturneringen 2023"]
[Site "Vallhall, Oslo"]
[Date "2023.07.04"]
[Round "5"]
[White "Skaar, Ben Samuel Groth"]
[Black "Morad, Hassen M"]
[Result "1-0"]
[WhiteElo "2161"]
[BlackElo "1862"]
[TimeControl "40/5400+30:1800+30"]
[BlackFideId "1555642"]
[WhiteFideId "1552660"]

1. c4 Nf6 2. Nc3 g6 3. e4 d6 4. g3 Bg7 5. Bg2 O-O 6. Nge2 Nc6 7. h3 e5 8.
d3 Nd7 9. O-O Nc5 10. a3 a5 11. Rb1 a4 12. Kh2 Nd4 13. f4 c6 14. Be3 Qc7
15. g4 Nxe2 16. Nxe2 exf4 17. Bxf4 Ne6 18. Bg3 Be5 19. d4 Bxg3+ 20. Nxg3 c5
21. d5 Nd4 22. Qd2 Qe7 23. Qf4 f6 24. Rf2 Bd7 25. Bf1 Kg7 26. Bd3 Qe5 27.
Rbf1 Qxf4 28. Rxf4 h6 29. R4f2 Rf7 30. e5 dxe5 31. Ne4 Ra6 32. Nxc5 Rb6 33.
Nxd7 Rxd7 34. c5 Rb3 35. Bc4 Re3 36. Rxf6 Nf5 37. Rb6 Re4 38. Bb5 Rxd5 39.
gxf5 Rd2+ 40. Kg3 Re3+ 41. Rf3 Re1 42. Rxg6+ Kh7 43. Rf2 Rd5 44. Rb6 Rxc5
45. Rxb7+ Kg8 46. Rd2 Rc8 47. Bc4+ Kf8 48. Rdd7 Rg1+ 49. Kf2 Rg5 50. Rf7+
Ke8 51. Bb5+ 1-0

[Event "Landsturneringen 2023"]
[Site "Vallhall, Oslo"]
[Date "2023.07.04"]
[Round "5"]
[White "Hestholm, Gustav"]
[Black "Ytrestøyl, Sindre Lyngsaunet"]
[Result "0-1"]
[WhiteElo "1944"]
[BlackElo "2061"]
[TimeControl "40/5400+30:1800+30"]
[BlackFideId "1547356"]
[WhiteFideId "1529153"]

1. e4 c6 2. d4 d5 3. e5 c5 4. Nf3 Bg4 5. dxc5 Nc6 6. c3 e6 7. Be3 Bxf3 8.
Qxf3 Nxe5 9. Bb5+ Nc6 10. O-O Nf6 11. Rd1 Be7 12. c4 Qc8 13. Nc3 dxc4 14.
Ne4 a6 15. Ba4 O-O 16. Rac1 Nd5 17. Bxc6 bxc6 18. Rxc4 Rb8 19. b3 Rd8 20.
Rdc1 Qc7 21. Bd4 f6 22. Qg4 Qd7 23. Bb2 e5 24. Qf3 Nf4 25. Nd6 Bxd6 26.
cxd6 Qxd6 27. Rxc6 Qd3 28. R6c2 Qxf3 29. gxf3 Rd3 30. Re1 Rxf3 31. Rc6 Rd8
32. Bc1 Nd3 33. Rd1 Rd4 34. Be3 Rg4+ 35. Kf1 e4 36. Rxa6 Nxf2 37. Bxf2 Rgf4
38. Ke2 Rxf2+ 39. Ke3 R2f3+ 40. Kd4 h5 41. a4 Rxb3 42. Ra8+ Kh7 43. a5 e3+
44. Kc5 e2 45. Re1 Re3 46. a6 Rf1 47. a7 Rxe1 48. Rh8+ Kxh8 49. a8=Q+ Kh7
50. h4 Rc1+ 51. Kd4 e1=Q 52. Qg2 Qc3+ 0-1

[Event "Landsturneringen 2023"]
[Site "Vallhall, Oslo"]
[Date "2023.07.04"]
[Round "5"]
[White "Stolp, Aleksander"]
[Black "Amundsen, Ask"]
[Result "1-0"]
[WhiteElo "1846"]
[BlackElo "1918"]
[TimeControl "40/5400+30:1800+30"]
[BlackFideId "1528726"]
[WhiteFideId "1541501"]

1. d4 Nf6 2. Bf4 c5 3. e3 Nd5 4. Bg3 Qb6 5. c4 Qxb2 6. cxd5 Qxa1 7. Qc2 Na6
8. Bxa6 bxa6 9. Nf3 cxd4 10. Be5 Bb7 11. Bxd4 Rc8 12. Qxc8+ Bxc8 13. Bxa1
Bb7 14. e4 e6 15. Nc3 Bb4 16. O-O Ke7 17. Rb1 a5 18. a3 Bxc3 19. Bxc3 exd5
20. Rxb7 dxe4 21. Ne1 f6 22. Rxa7 Rc8 23. Bxa5 1-0

[Event "Landsturneringen 2023"]
[Site "Vallhall, Oslo"]
[Date "2023.07.04"]
[Round "5"]
[White "Sandstad, Linus"]
[Black "Engedal, Jo Frønsdal"]
[Result "1-0"]
[WhiteElo "1919"]
[BlackElo "1717"]
[TimeControl "40/5400+30:1800+30"]
[BlackFideId "1532332"]
[WhiteFideId "1552376"]

1. d4 Nf6 2. c4 e6 3. g3 d5 4. Bg2 dxc4 5. Nf3 c5 6. O-O cxd4 7. Qxd4 Qxd4
8. Nxd4 Bc5 9. Nb5 Na6 10. Nd2 O-O 11. Nxc4 Bd7 12. Nbd6 b5 13. Bxa8 Rxa8
14. Ne5 Bxd6 15. Nxd7 Nd5 16. e4 Ndb4 17. Bf4 Bxf4 18. gxf4 f6 19. Rfd1 Kf7
20. a3 Nc6 21. Rac1 Na5 22. Rd6 Nb8 23. Rc8 Ke7 24. e5 Nc4 25. Rd4 fxe5 26.
fxe5 Nxd7 27. Rxa8 Ndxe5 28. Rxa7+ Kf6 29. Rd8 1-0

[Event "Landsturneringen 2023"]
[Site "Vallhall, Oslo"]
[Date "2023.07.04"]
[Round "5"]
[White "Engvik, Kim Andre"]
[Black "Hansen, Thobias Gotaas"]
[Result "0-1"]
[WhiteElo "1560"]
[BlackElo "1689"]
[TimeControl "40/5400+30:1800+30"]
[BlackFideId "1548530"]
[WhiteFideId "1566938"]

1. e4 e6 2. d4 d5 3. Nc3 Bb4 4. e5 Bd7 5. Be3 c5 6. Ne2 Nc6 7. dxc5 Nxe5 8.
Qd4 Bxc3+ 9. Nxc3 f6 10. Nb5 Bxb5 11. Bxb5+ Nc6 12. c4 Qa5+ 13. Qd2 Qxd2+
14. Bxd2 Ne7 15. cxd5 Nxd5 16. Bxc6+ bxc6 17. Ke2 e5 18. Kd3 Kd7 19. b4
Rab8 20. Rab1 Rb7 21. Rb2 Rhb8 22. Rhb1 a5 23. a3 a4 24. Rd1 Rd8 25. Bc1
Ke6 26. Kc2 Rbb8 27. Be3 Nc7 28. Rbb1 Nb5 29. Kb2 Ke7 30. f4 Rxd1 31. Rxd1
Rd8 32. Rxd8 Kxd8 33. fxe5 fxe5 34. Bc1 Kd7 35. Kc2 Ke6 36. g4 g6 37. Kd3
Kd5 38. Bb2 Nc7 39. Bc1 Ne8 40. Be3 Nf6 41. h3 Nd7 42. Bd2 Nb8 43. Bg5 Na6
44. Bd8 Nb8 45. Bg5 Na6 46. Bd8 Nb8 47. Bg5 Nd7 48. Kc3 Nf8 49. Kd3 Ne6 50.
Be3 Nc7 51. Bc1 Nb5 52. g5 e4+ 53. Ke3 Nd4 54. Bb2 Nb5 55. Bc1 Nc3 56. Bd2
Nd1+ 57. Ke2 Nb2 58. Bc1 Nc4 59. Kd1 Kd4 60. Kc2 e3 0-1

[Event "Landsturneringen 2023"]
[Site "Vallhall, Oslo"]
[Date "2023.07.04"]
[Round "5"]
[White "Antonsen, Peder"]
[Black "Morad, Haider M"]
[Result "0-1"]
[WhiteElo "1536"]
[BlackElo "1859"]
[TimeControl "40/5400+30:1800+30"]
[BlackFideId "1555634"]
[WhiteFideId "1579495"]

1. e4 b6 2. d4 Bb7 3. Nc3 e6 4. e5 d5 5. Nf3 Bb4 6. Bd2 Ne7 7. Bd3 a6 8. a3
Bxc3 9. Bxc3 c5 10. b3 Nbc6 11. O-O Rc8 12. h4 Qc7 13. Re1 cxd4 14. Bxd4
Nxd4 15. Nxd4 Ng6 16. Qg4 Qc3 17. Rab1 h5 18. Qg3 Qxd4 19. Bxg6 fxg6 20.
Qxg6+ Kf8 21. Re3 Rc3 22. Rbe1 Rh6 23. Qg5 Kg8 24. Qe7 Bc6 25. Rxc3 Qxc3
26. Qd8+ Kh7 27. Re3 Qa1+ 28. Kh2 Rg6 29. c3 0-1

[Event "Landsturneringen 2023"]
[Site "Vallhall, Oslo"]
[Date "2023.07.04"]
[Round "5"]
[White "Langvik, Ulrikke"]
[Black "Jahr, Even"]
[Result "0-1"]
[WhiteElo "1698"]
[BlackElo "1526"]
[TimeControl "40/5400+30:1800+30"]
[BlackFideId "1574540"]
[WhiteFideId "1517910"]

1. d4 Nf6 2. Nf3 g6 3. Nc3 d5 4. Bf4 a6 5. Qd2 h6 6. O-O-O e6 7. Ne5 Bb4 8.
Bxh6 Bxc3 9. bxc3 Ne4 10. Qe3 Qd6 11. Kb2 Qb6+ 12. Ka1 Qa5 13. Rd3 Nc6 14.
Nxc6 bxc6 15. f3 Nd6 16. Bg5 Nc4 17. Qc1 Rb8 18. e4 Rb2 19. Qxb2 Nxb2 20.
Kxb2 dxe4 21. Bf6 exd3 22. Bxh8 dxc2 23. Bd3 Qg5 24. g4 f6 25. h4 c1=Q+ 26.
Rxc1 Qxh4 27. Be4 Qxh8 28. Bxg6+ Ke7 29. Be4 Bd7 30. Re1 Qh6 31. Kb3 Qd2
32. Rh1 a5 33. a4 Kd6 34. Bc2 Qg2 35. Rh5 Qxf3 36. Rxa5 Qxg4 37. Ra8 Qg5
38. Bd3 c5 39. a5 Qd5+ 0-1

[Event "Landsturneringen 2023"]
[Site "Vallhall, Oslo"]
[Date "2023.07.05"]
[Round "6"]
[White "Kreken, Eivind Grunt"]
[Black "Skaar, Ben Samuel Groth"]
[Result "1/2-1/2"]
[WhiteElo "2101"]
[BlackElo "2161"]
[TimeControl "40/5400+30:1800+30"]
[BlackFideId "1552660"]
[WhiteFideId "1532359"]

1. d4 d5 2. c4 e6 3. Nf3 Nf6 4. Nc3 Be7 5. Bg5 O-O 6. e3 h6 7. Bh4 b6 8.
Be2 Bb7 9. Bxf6 Bxf6 10. cxd5 exd5 11. b4 Qd6 12. Rb1 Re8 13. O-O c6 14.
Qb3 Nd7 15. Rfe1 Bd8 16. Bf1 Bc7 17. Rbd1 Rad8 18. g3 Qe6 19. Bg2 Nf6 20.
a4 Bd6 21. a5 Qe7 22. Rb1 b5 23. Nd2 Bc8 24. e4 dxe4 25. Ndxe4 Bf5 26. Re3
1/2-1/2

[Event "Landsturneringen 2023"]
[Site "Vallhall, Oslo"]
[Date "2023.07.05"]
[Round "6"]
[White "Hestholm, Gustav"]
[Black "Wernberg, Nikolai Olsen"]
[Result "0-1"]
[WhiteElo "1944"]
[BlackElo "1685"]
[TimeControl "40/5400+30:1800+30"]
[BlackFideId "1542770"]
[WhiteFideId "1529153"]

1. e4 c5 2. Nf3 e6 3. d4 cxd4 4. Nxd4 a6 5. c4 Nf6 6. Nc3 Bb4 7. Qd3 d5 8.
exd5 exd5 9. Be2 O-O 10. O-O Nc6 11. Nxc6 bxc6 12. cxd5 cxd5 13. Bg5 Be6
14. Bf3 Bxc3 15. bxc3 Rc8 16. Rfd1 Qa5 17. Bxf6 gxf6 18. Rdc1 Rc5 19. Rc2
Rfc8 20. Rac1 Qa4 21. Be2 d4 22. c4 Bf5 23. Qg3+ Kh8 24. Bd3 Qd7 25. Rd2
Bxd3 26. Qxd3 Qe6 27. Rdc2 Re5 28. g3 Re1+ 29. Rxe1 Qxe1+ 30. Kg2 Qe5 31.
Re2 Qc5 32. Re4 Qxc4 33. Qxd4 Qxd4 34. Rxd4 Rc6 35. Kf3 Rc3+ 36. Ke4 Ra3
37. Rd2 Ra5 38. Kd4 Kg7 39. Kc4 Kg6 40. f4 h5 41. h3 Ra3 42. Rg2 a5 43. Kb5
Kf5 44. Rf2 Ke4 45. Re2+ Kf3 46. Rb2 Kxg3 47. Rb3+ Rxb3+ 48. axb3 Kxh3 49.
Kxa5 Kg3 50. b4 h4 0-1

[Event "Landsturneringen 2023"]
[Site "Vallhall, Oslo"]
[Date "2023.07.05"]
[Round "6"]
[White "Ytrestøyl, Sindre Lyngsaunet"]
[Black "Hansen, Thobias Gotaas"]
[Result "1-0"]
[WhiteElo "2061"]
[BlackElo "1689"]
[TimeControl "40/5400+30:1800+30"]
[BlackFideId "1548530"]
[WhiteFideId "1547356"]

1. Nf3 d5 2. g3 Nf6 3. Bg2 Nbd7 4. c4 c6 5. cxd5 cxd5 6. d4 h6 7. Nc3 e6 8.
Bf4 a6 9. Rc1 Nb6 10. O-O Bd6 11. Qd3 O-O 12. Rc2 Bxf4 13. gxf4 Nc4 14. b3
Nd6 15. Ne5 Bd7 16. Rfc1 Rc8 17. e3 Bb5 18. Nxb5 Rxc2 19. Rxc2 Nxb5 20. f5
exf5 21. Qxf5 Nd6 22. Qf4 Nde4 23. Ng4 Qa5 24. Nxf6+ Nxf6 25. Bf3 Qe1+ 26.
Kg2 Qb1 27. Qc7 Ne4 28. Re2 Re8 29. Qc2 Qa1 30. h4 h5 31. Bxh5 Nc3 32. Qb2
Qxb2 33. Rxb2 Re6 34. Rc2 Rc6 35. Kf1 Kf8 36. Bf3 Ke7 37. Ke1 Nb5 38. Kd2
Kd6 39. Bh5 f6 40. Bg4 a5 41. Bf5 Ke7 42. Rxc6 bxc6 43. Bd3 Nc7 44. Kc3 Kd6
45. b4 axb4+ 46. Kxb4 Ne6 47. Bf5 c5+ 48. dxc5+ Nxc5 49. Kb5 Nb7 50. a4 Kc7
51. Bd3 Kd6 52. Kb6 Nc5 53. Bb5 Nb3 54. a5 Nxa5 55. Kxa5 Kc5 56. Bd3 d4 57.
e4 1-0

[Event "Landsturneringen 2023"]
[Site "Vallhall, Oslo"]
[Date "2023.07.05"]
[Round "6"]
[White "Morad, Haider M"]
[Black "Stolp, Aleksander"]
[Result "0-1"]
[WhiteElo "1859"]
[BlackElo "1846"]
[TimeControl "40/5400+30:1800+30"]
[BlackFideId "1541501"]
[WhiteFideId "1555634"]

1. e4 c6 2. d4 d5 3. exd5 cxd5 4. Bd3 Nf6 5. h3 g6 6. Nf3 Nc6 7. c3 Bf5 8.
Bf4 e6 9. Ne5 Nxe5 10. Bxe5 Bxd3 11. Bxf6 Qxf6 12. Qxd3 Bd6 13. Qb5+ Kf8
14. Nd2 Kg7 15. O-O Qe7 16. Rfe1 a6 17. Qd3 Rhc8 18. a4 Rab8 19. a5 b5 20.
axb6 Rxb6 21. Reb1 Qb7 22. c4 Rxb2 23. c5 Bf4 24. Nf3 Rb8 25. Re1 Rb5 26.
g3 Bc7 27. Kg2 a5 28. Ra2 Rb3 29. Qe2 Qb5 30. Qxb5 R8xb5 31. Ne5 Bxe5 32.
Rxe5 R3b4 33. Rd2 a4 34. Re3 Rc4 35. h4 Rbb4 36. Red3 Rb3 37. Rd1 Rxd3 38.
Rxd3 e5 39. dxe5 Rxc5 40. f4 Kf8 41. Kf3 Ke7 42. Kg4 Ra5 43. Ra3 Ke6 44.
Kg5 d4 45. Kh6 Kf5 46. Kxh7 Ra7 47. Kh6 Ke4 48. e6 fxe6 49. Kxg6 d3 50. h5
d2 51. Ra1 Kf3 52. h6 Ke2 53. h7 Ra8 54. Rxa4 Rxa4 55. h8=Q d1=Q 56. Qe5+
Kf2 57. Qb2+ Kf3 58. Qc3+ Kg4 59. Kh6 Qh1+ 60. Kg7 Ra7+ 61. Kf6 Qh8+ 0-1

[Event "Landsturneringen 2023"]
[Site "Vallhall, Oslo"]
[Date "2023.07.05"]
[Round "6"]
[White "Morad, Hassen M"]
[Black "Sandstad, Linus"]
[Result "1/2-1/2"]
[WhiteElo "1862"]
[BlackElo "1919"]
[TimeControl "40/5400+30:1800+30"]
[BlackFideId "1552376"]
[WhiteFideId "1555642"]

1. b3 e5 2. Bb2 Nc6 3. e3 Nf6 4. Bb5 d6 5. d4 exd4 6. Bxd4 Be7 7. Bb2 O-O
8. Nf3 Nd7 9. Nd4 Nxd4 10. exd4 d5 11. Bd3 Nf6 12. h3 Bd6 13. O-O c6 14.
Re1 Be6 15. Qf3 Re8 16. Nd2 a5 17. a4 Qc7 18. Nf1 Bd7 19. g4 h6 20. Rad1
Rxe1 21. Rxe1 Re8 22. Rxe8+ Nxe8 23. Bc1 Qd8 24. Ne3 Qf6 25. Qxf6 Nxf6 26.
Nf5 Bb4 27. f3 Bc3 28. Be3 Bxf5 29. Bxf5 Ne8 30. Kf1 1/2-1/2

[Event "Landsturneringen 2023"]
[Site "Vallhall, Oslo"]
[Date "2023.07.05"]
[Round "6"]
[White "Amundsen, Ask"]
[Black "Antonsen, Peder"]
[Result "1-0"]
[WhiteElo "1918"]
[BlackElo "1536"]
[TimeControl "40/5400+30:1800+30"]
[BlackFideId "1579495"]
[WhiteFideId "1528726"]

1. e4 c6 2. d4 d5 3. exd5 cxd5 4. Bd3 Nc6 5. c3 Nf6 6. Bf4 Bg4 7. Qb3 Qd7
8. Nd2 e6 9. Ngf3 Be7 10. Ne5 Nxe5 11. dxe5 Nh5 1-0

[Event "Landsturneringen 2023"]
[Site "Vallhall, Oslo"]
[Date "2023.07.05"]
[Round "6"]
[White "Engedal, Jo Frønsdal"]
[Black "Jahr, Even"]
[Result "1/2-1/2"]
[WhiteElo "1717"]
[BlackElo "1526"]
[TimeControl "40/5400+30:1800+30"]
[BlackFideId "1574540"]
[WhiteFideId "1532332"]

1. d4 Nf6 2. c4 e5 3. g3 exd4 4. Qxd4 Nc6 5. Qd1 Bc5 6. Bg2 O-O 7. Nf3 Re8
8. O-O d6 9. Nc3 h6 10. a3 a5 11. Qc2 Bg4 12. e3 Nd7 13. Nd5 Nde5 14. Nxe5
Nxe5 15. h3 Bf3 16. Bxf3 Nxf3+ 17. Kg2 Ne5 18. b3 c6 19. Nf4 Rc8 20. Bb2 b5
21. Rfd1 bxc4 22. bxc4 Qe7 23. Bd4 Bxd4 24. exd4 Nd7 25. Qc3 Nb6 26. Rab1
Rb8 27. Re1 Qd7 28. Rxe8+ Qxe8 29. Re1 Qd7 30. c5 dxc5 31. dxc5 Nd5 32.
Nxd5 Qxd5+ 33. Kg1 a4 34. Qc2 Qb3 35. Qxb3 Rxb3 36. Re8+ Kh7 37. Rc8 Rxa3
38. Rxc6 Ra1+ 39. Kg2 a3 40. Ra6 a2 41. c6 Rc1 42. Rxa2 1/2-1/2

[Event "Landsturneringen 2023"]
[Site "Vallhall, Oslo"]
[Date "2023.07.05"]
[Round "6"]
[White "Sveggen, Amadeus S."]
[Black "Engvik, Kim Andre"]
[Result "1-0"]
[WhiteElo "1517"]
[BlackElo "1560"]
[TimeControl "40/5400+30:1800+30"]
[BlackFideId "1566938"]
[WhiteFideId "1567853"]

1. d4 Nf6 2. Nf3 d5 3. e3 c5 4. c3 Nc6 5. Bd3 Bg4 6. Nbd2 e6 7. O-O Bd6 8.
Re1 Qc7 9. h3 Bh5 10. e4 dxe4 11. Nxe4 cxd4 12. cxd4 Nxd4 13. Qa4+ Nc6 14.
Nd4 Nxe4 15. Bxe4 Rc8 16. Be3 Bg6 17. Nb5 Bh2+ 18. Kh1 Qe5 19. Bxc6+ bxc6
20. Nxa7 O-O 21. Nxc8 Rxc8 22. f4 Qxb2 23. Kxh2 1-0